 Dungeon Crawl Stone Soup version 0.29-a0-472-ge5599a681e (webtiles) character file.

Game seed: 6909472285237379023

128 omnomnOMINOUS the Shooter (level 5, -2/36 HPs)
             Began as an Octopode Wanderer on May 22, 2022.
             Slain by a gnoll
             ... wielding a +0 flail
              (5 damage)
             ... on level 3 of the Dungeon.
             The game lasted 00:03:21 (2480 turns).

omnomnOMINOUS the Shooter (Octopode Wanderer)       Turns: 2480, Time: 00:03:22

Health: -2/36      AC:  1    Str: 18    XL:     5   Next: 12%
Magic:  5/5        EV: 13    Int: 14    God:
Gold:   162        SH:  0    Dex:  7    Spells: 4/4 levels left

rFire   . . .      SeeInvis .   b - +0 mace
rCold   . . .      Faith    .   (no shield)
rNeg    . . .      Spirit   .   (helmet restricted)
rPois   .          Reflect  .   (no amulet)
rElec   .          Harm     .   (no ring)
rCorr   .          Rampage  .   (no ring)
Will    .....                   (no ring)
Stlth   ++........              (no ring)
HPRegen 0.12/turn               (no ring)
MPRegen 0.09/turn               (no ring)
                                (no ring)
                                (no ring)

@: no status effects
A: almost no armour, amphibious, 8 rings, camouflage 1, gelatinous body 1,
(nimble swimmer 1), tentacles
a: no special abilities


You were on level 3 of the Dungeon.
You visited 1 branch of the dungeon, and saw 3 of its levels.

You collected 162 gold pieces.

Inventory:

Hand Weapons
 a - a +0 vorpal shortbow
 b - a +0 mace (weapon)
 k - a +0 flail
Wands
 c - a wand of flame (7) (quivered)
Scrolls
 d - 2 scrolls of teleportation
 g - 2 scrolls of immolation {unknown}
 h - 3 scrolls of identify {unknown}
 i - a scroll of blinking {unknown}
Potions
 j - a potion of brilliance {unknown}
 l - a potion of lignification {unknown}


   Skills:
 + Level 3.3 Fighting
 - Level 1.0 Maces & Flails
 + Level 5.7 Bows
 + Level 2.4 Dodging
 - Level 2.1 Evocations


You had 4 spell levels left.
You didn't know any spells.
Your spell library contained the following spells:

 Spells                   Type           Power      Damage    Failure   Level
 Gell's Gravitas          Tloc           0%         N/A       65%         3
 Lesser Beckoning         Tloc           0%         N/A       65%         3
 Teleport Other           Tloc           0%         N/A       65%         3


Dungeon Overview and Level Annotations

Branches:
Dungeon (3/15)

Altars:


Innate Abilities, Weirdness & Mutations

You cannot wear most types of armour.
You are amphibious.
You can wear up to eight rings at the same time.
Your skin changes colour to match your surroundings (Stealth+).
Your rubbery body absorbs attacks. (AC +1, EV +1)
((You are camouflaged when in or above water. (Stealth+)))
You have tentacles for arms and can constrict up to eight enemies at once.


Message History

No target in view!
No target in view!
No target in view!
No target in view!
No target in view!
No target in view!
You now have 162 gold pieces (gained 11).
Done exploring.
Done exploring.
There is a stone staircase leading down here.
You climb downwards.
There is a stone staircase leading up here.
An orc comes into view. It is wielding a +0 falchion.
Found a scroll labelled YXZUKHL PUKU.
The orc shouts!
A gnoll comes into view. It is wielding a +0 flail.
A gnoll comes into view. It is wielding a +0 spear.
The orc misses you.
The gnoll shouts! x2
You sock the orc!
You kill the orc!
You hear a shout!
A gnoll comes into view. It is wielding a +0 spear.
You see here a +0 falchion.
You closely miss the gnoll.
The gnoll shouts!
Your grab misses the gnoll. The gnoll barely misses you.
A gnoll comes into view. It is wielding a +0 spear.
The gnoll hits you from afar with a +0 spear!
The gnoll shouts!
You hit the gnoll. Your grab misses the gnoll.
The gnoll is moderately wounded.
The gnoll hits you with a +0 flail!
The gnoll hits you from afar with a +0 spear.
The gnoll hits you with a +0 flail!
* * * LOW HITPOINT WARNING * * *
The gnoll hits you from afar with a +0 spear!
* * * LOW HITPOINT WARNING * * *
The gnoll attacks as you move away! The gnoll hits you with a +0 flail.
You die...

#<# #.# #.# #.#
#.# #.# #.# #.#
#@# #g# #g# #)#
.......g.......
........#######
......?.#
...g.....
........#


You could see 3 gnolls.

Vanquished Creatures
  Terence (D:2)
  A gnoll (D:1)
  3 adders (D:2)
  3 worms (D:2)
  A dart slug (D:2)
  An orc (D:3)
  3 ball pythons
  7 endoplasms
  5 giant cockroaches
  4 goblins (D:2)
  7 hobgoblins
  3 jackals (D:1)
  2 kobolds (D:1)
  2 quokkas (D:1)
  A bat (D:1)
  3 frilled lizards
  3 rats
50 creatures vanquished.

Vanquished Creatures (others)
  4 toadstools (D:1)
4 creatures vanquished.

Grand Total: 54 creatures vanquished

Notes
Turn   | Place    | Note
-------+----------+-------------------------------------------
     0 | D:1      | omnomnOMINOUS the Octopode Wanderer began the quest for the
                  | Orb.
     0 | D:1      | omnomnOMINOUS set off with the following items: a +0 vorpal
                  | shortbow, a +0 mace, a wand of flame (7), a scroll of
                  | teleportation
     0 | D:1      | Reached XP level 1. HP: 14/14 MP: 1/1
    98 | D:1      | Reached XP level 2. HP: 19/19 MP: 2/2
   124 | D:1      | Reached skill level 1 in Dodging
   234 | D:1      | Reached XP level 3. HP: 19/25 MP: 3/3
  1549 | D:2      | Noticed Terence
  1558 | D:2      | Reached XP level 4. HP: 30/30 MP: 4/4
  1559 | D:2      | Killed Terence
  2187 | D:2      | Reached XP level 5. HP: 31/36 MP: 5/5
  2480 | D:3      | Slain by a gnoll

Illustrated notes

Levels and vault maps discovered:
D:1:      tarquinn_simple_flora_water_a, layout_basic, minmay_gold_behind_fungi,
          minmay_misc_feat_roman
D:2:      layout_basic, uniq_terence
D:3:      cheibrodos_thug_alley, layout_basic, regret_index_temple_of_mockery,
          basic_ecumenical_altar

Skill      XL: |  1  2  3  4 |
---------------+-------------+-----
Dodging        | 1 2 |  2.4
Fighting       | 3 |  3.3
Maces & Flails | |  1.0
Bows           | |  5.7
Evocations     | |  2.1

Action                   |  1- 3 |  4- 6 || total
-------------------------+-------+-------++-------
Melee: Mace              |    67 |    33 ||   100
       Constrict         |    19 |     5 ||    24
       Tentacles         |     7 |     8 ||    15
 Fire: Shortbow          |     4 |       ||     4
  Use: Potion            |     1 |     2 ||     3
 Stab: Sleeping          |     4 |       ||     4
Armor: Skin              |    11 |     3 ||    14
Dodge: Dodged            |    45 |    12 ||    57

Table legend: (Time is in decaauts)
 A = Elapsed time spent in this place.
 B = Non-inter-level travel time spent in this place.
 C = Inter-level travel time spent in this place.
 D = Time resting spent in this place.
 E = Time spent auto-exploring this place.
 F = Levels seen in this place.
 G = Mean time per level.
                   A        B        C        D        E       F      G
               +--------+--------+--------+--------+--------+-----+--------+
         Total |   2495 |   2438 |     57 |    307 |   1760 |   3 |  831.7 |
       Dungeon |   2495 |   2438 |     57 |    307 |   1760 |   3 |  831.7 |
               +--------+--------+--------+--------+--------+-----+--------+

Top non-repeatable levels by time:
     D:1: 1432 daAuts
     D:2: 1044 daAuts
     D:3: 18 daAuts
